 Dungeon Crawl Stone Soup version 0.29.1-debian-4-g95531337e3 (webtiles) character file.

Game seed: 1668809393305303315

176 sakurabyss the Trooper (level 5, -4/47 HPs)
             Began as a Draconian Berserker on Sept 13, 2022.
             Was a Believer of Trog.
             Killed by divine providence
             ... invoked by an orc priest
              (8 damage)
             ... on level 4 of the Dungeon.
             The game lasted 00:10:24 (2958 turns).

sakurabyss the Trooper (Draconian Berserker)        Turns: 2958, Time: 00:10:25

Health: -4/47      AC:  5    Str: 21    XL:     5   Next: 30%
Magic:  5/5        EV: 12    Int:  8    God:    Trog [**....]
Gold:   239        SH:  0    Dex: 10    Spells: 4/4 levels left

rFire   . . .      SeeInvis +   s - +0 flail
rCold   . . .      Faith    .   (no shield)
rNeg    . . .      Spirit   .   (body armour unavailable)
rPois   .          Reflect  .   (helmet restricted)
rElec   .          Harm     .   (no cloak)
rCorr   .          Rampage  .   (no gloves)
Will    .....                   (no boots)
Stlth   +.........              (no amulet)
HPRegen 0.15/turn               v - ring of see invisible
MPRegen 0.09/turn               (no ring)

@: on berserk cooldown, slowed, very slow
A: AC +5, unfitting armour, cold-blooded
a: Renounce Religion, Berserk, Trog's Hand


You were on level 4 of the Dungeon.
You worshipped Trog.
Trog was pleased with you.
You visited 1 branch of the dungeon, and saw 4 of its levels.

You collected 239 gold pieces.

Inventory:

Hand Weapons
 d - a +2 hand axe of freezing
 p - a +1 spear of flaming
 s - a +0 flail (weapon)
 t - a +3 dagger of venom
Missiles
 g - 8 poisoned darts (quivered)
Armour
 c - a +0 robe
 u - a +1 helmet
Jewellery
 v - a ring of see invisible (left hand)
Scrolls
 b - 5 scrolls of identify
 h - 3 scrolls of teleportation
 j - a scroll of amnesia {unknown}
 k - a scroll of magic mapping {unknown}
 n - a scroll of vulnerability {unknown}
 o - a scroll of enchant armour {unknown}
 q - a scroll of noise {unknown}
 r - a scroll of summoning {unknown}
Potions
 a - a potion of haste {unknown}
 e - a potion of flight {unknown}
 f - a potion of degeneration {unknown}
 i - a potion of cancellation {unknown}
 l - a potion of berserk rage {unknown}
 m - a potion of mutation {unknown}


   Skills:
 + Level 4.3 Fighting
 + Level 2.0(3.3) Axes
 + Level 3.9(4.2) Maces & Flails
 + Level 0.3(1.3) Polearms
 + Level 3.4 Dodging
 + Level 1.0 Stealth


You had 4 spell levels left.
You didn't know any spells.
Your spell library was empty.

Dungeon Overview and Level Annotations

Branches:
Dungeon (4/15)
 Temple: D:4-7

Altars:
Ashenzari
Makhleb

Shops:
D:2 =(:!

Portals:
Abyss: D:4

Annotations:
D:4 2 transporters, fly's ghost, weakling DgDe


Innate Abilities, Weirdness & Mutations

Your plain brown scales are hard. (AC +5)
You cannot fit into any form of body armour.
You are cold-blooded and may be slowed by cold attacks.


Message History

The orc wizard mumbles some strange words.
The orc wizard flickers and vanishes for a moment.
The orc priest barely misses you.
You barely miss the orc priest.
The orc priest is heavily wounded.
You feel sick.
You thump the orc wizard!
You kill the orc wizard!
Trog accepts your kill.
Trog appreciates your killing of a magic user.
You feel sick.
The orc priest looks satisfied for a moment.
Your base Axes skill increases to level 2!
Your Stealth skill increases to level 1!
You thump the orc!
You kill the orc!
Trog accepts your kill.
You feel sick.
You feel a strong urge to attack something.
You feel sick.
Hit: s) +0 flail
Press: ? - help, Dir - move target, f - you
Okay, then.
You are no longer berserk.
You are exhausted.
You feel yourself slow down.
* * * LOW HITPOINT WARNING * * *
You feel sick.
As you read the scroll of teleportation, it crumbles to dust.
You feel strangely unstable.
You feel sick.
The orc priest attacks as you move away!
The orc priest hits you but does no damage.
You feel sick.
You are no longer poisoned.
Your surroundings suddenly seem different.
You start resting.
An orc priest is nearby!
The orc priest invokes the aid of Beogh against you.
Beogh smites you!
You die...

#.o. .. ####### #..? #..
#.....# #..# #.. #.....# #
#..####.. #.....#
#.##.$#..#.. #.....#
##.##.......#
#)....###............#
#.......+............#
########....@###..........o..
###
#........###†....###.........
..# #........# #.....#
#.##o##### #.###........#
#.....# #......oo.
.............#
#.....###....####.
##...........#
#.............###.
<............#
#.....##o.##......
##...#.#.#####
######..>###.....#
#.#.....### #..### #.....#


You could see an orc priest.

Vanquished Creatures
  A scorpion (D:4)
  An iguana (D:4)
  An orc wizard (D:4)
  An ufetubus (D:4)
  A worm (D:4)
  2 dart slugs
  4 orcs
  4 endoplasms
  3 giant cockroaches
  4 goblins
  7 hobgoblins
  2 quokkas
  5 ball pythons
  3 bats
  3 frilled lizards (D:1)
  4 kobolds
  5 rats
51 creatures vanquished.

Notes
Turn   | Place    | Note
-------+----------+-------------------------------------------
     0 | D:1      | sakurabyss the Draconian Berserker began the quest for the
                  | Orb.
     0 | D:1      | Reached XP level 1. HP: 19/19 MP: 1/1
   240 | D:1      | Reached XP level 2. HP: 25/26 MP: 2/2
   833 | D:1      | Found a faded altar of an unknown god.
  1070 | D:2      | Found Voorouh's Weapon Shop.
  1285 | D:2      | Found Guhoibe's Distillery.
  1298 | D:2      | Reached XP level 3. HP: 33/33 MP: 3/3
  1306 | D:2      | Found Wekkona's Book Emporium.
  1355 | D:2      | Found Maerer's Jewellery Shoppe.
  1827 | D:3      | Found a burning altar of Makhleb.
  2030 | D:3      | Reached ** piety under Trog
  2290 | D:3      | Found a broken altar of Ashenzari.
  2442 | D:3      | Reached skill level 1 in Axes
  2718 | D:4      | Found a transporter.
  2719 | D:4      | Found a one-way gate to the infinite horrors of the Abyss.
  2719 | D:4      | Noticed fly's ghost (weakling DgDe)
  2720 | D:4      | Found a transporter.
  2736 | D:4      | Reached skill level 4 in Fighting
  2736 | D:4      | Reached XP level 4. HP: 30/40 MP: 4/4
  2841 | D:4      | Noticed a small abomination
  2927 | D:4      | Noticed a scorpion
  2939 | D:4      | Killed a scorpion
  2940 | D:4      | Reached XP level 5. HP: 13/46 MP: 5/5
  2944 | D:4      | Reached skill level 1 in Stealth
  2948 | D:4      | HP: 2/47 [poisoned by a scorpion]
  2958 | D:4      | Killed from afar by an orc priest

Illustrated notes

Levels and vault maps discovered:
D:1:      scummos_arrival_simple_fountains, layout_loops_ring,
          shapermc_ecumenical_altar_pompeii, nicolae_figureground_pulse
D:2:      layout_basic, serial_shops, nicolae_shop_trees,
          nicolae_shop_bloodbath_and_beyond, shop, shop, kennysheep_potato
D:3:      layout_basic, lightli_temple_of_fire, amcnicky_altar_gilded,
          due_unseen_surprise
D:4:      layout_basic, gammafunk_ghost_abyssal_escape, hangedman_decor_growths

Skill      XL: |  1  2  3  4  5 |
---------------+----------------+-----
Dodging        | 3 |  3.4
Axes           | 1 2 |  2.0
Fighting       | 4 |  4.3
Stealth        | 1 |  1.0
Maces & Flails | |  3.9
Polearms       | |  0.3

Action                   |  1- 3 |  4- 6 || total
-------------------------+-------+-------++-------
Melee: Hand axe          |    58 |       ||    58
       Mace              |     8 |       ||     8
       Tailslap          |    13 |     5 ||    18
       Spear             |    23 |       ||    23
       Flail             |    12 |    22 ||    34
       Punch             |     1 |       ||     1
Invok: Berserk           |     1 |     1 ||     2
  Use: Scroll            |     1 |     1 ||     2
 Stab: Sleeping          |     1 |       ||     1
Armor: Skin              |    29 |     4 ||    33
Dodge: Dodged            |    52 |    16 ||    68
